 Dungeon Crawl Stone Soup version 0.31-a0-774-g0d66cbabe8 (webtiles) character file.

Game seed: 7864118814077194497

492 CowFu the Slicer (level 7, -1/40 HPs)
             Began as a Kobold Brigand on Sept 17, 2023.
             Splashed by a jelly's acid (9 damage)
             ... in a sewer.
             The game lasted 00:04:03 (3468 turns).

CowFu the Slicer (Kobold Brigand)                   Turns: 3468, Time: 00:04:03

Health: -1/40      AC: -17   Str: 10    XL:     7   Next: 37%
Magic:  7/7        EV: 14    Int: 13    God:
Gold:   198        SH:  5    Dex: 16    Spells: 6/6 levels left

rFire   . . .        a - +2 dagger
rCold   . . .        (no shield)
rNeg    . . .        b - +0 robe
rPois   .            j - +2 helmet
rElec   .            c - +1 cloak
rCorr   .            (no gloves)
SInv    +            (no boots)
Will    .....        r - amulet of reflection
Stlth   +++++        i - ring of see invisible
HPRegen 0.26/turn    (no ring)
MPRegen 0.10/turn

%: reflection
@: lethally poisoned (-1 -> -5), corroded
A: small, no large weapons, nightstalker 3
a: no special abilities


You were in a sewer.
You visited 1 branch of the dungeon, and saw 5 of its levels.
You also visited: Sewer.

You collected 198 gold pieces.

Inventory:

Hand Weapons
 a - a +2 dagger (weapon)
Missiles
 d - 11 poisoned darts (quivered)
 e - 3 curare-tipped darts
Armour
 b - a +0 robe (worn)
 c - a +1 cloak (worn)
 j - a +2 helmet (worn)
 w - a +0 tower shield
Jewellery
 f - a ring of resist corrosion
 i - a ring of see invisible (left hand)
 r - an amulet of reflection (around neck)
 v - a +6 ring of strength
Wands
 o - a wand of quicksilver (7)
Scrolls
 h - a scroll of immolation {unknown}
 k - a scroll of torment {unknown}
 m - a scroll of poison {unknown}
 t - a scroll of teleportation {unknown}
 y - a scroll of enchant weapon {unknown}
Potions
 n - a potion of magic
 p - a potion of ambrosia
 s - a potion of resistance
 u - a potion of might
 x - a potion of enlightenment {unknown}


   Skills:
 - Level 2.1 Fighting
 + Level 8.3 Short Blades
 - Level 2.1 Throwing
 - Level 1.2 Dodging
 + Level 8.0 Stealth


You had 6 spell levels left.
You didn't know any spells.
Your spell library contained the following spells:

 Spells                   Type           Power      Damage    Failure   Level
 Sublimation of Blood     Necr           0%         N/A       43%         2
 Wereblood                Tmut           0%         N/A       43%         2
 Summon Hydra             Summ           0%         N/A       100%        7


Dungeon Overview and Level Annotations

Branches:
Dungeon (5/15)              Sewer (1/1)
 Temple: D:4-7

Altars:
The Shining One

Annotations:
D:5 1 runed translucent door


Innate Abilities, Weirdness & Mutations

You are small and have problems with some larger weapons.
You are completely attuned to the shadows.


Message History

There are monsters nearby!
You are too injured to fight recklessly!
The adder closely misses you. The adder completely misses you.
You hit the adder but do no damage. The adder closely misses you.
You closely miss the adder. The jelly closely misses you.
You block the adder's attack.
You hit the jelly but do no damage.
Your hands burn!
The jelly is moderately wounded.
The adder bites you.
You hit the jelly but do no damage. The acid corrodes you!
Your hands burn!
* * * LOW HITPOINT WARNING * * *
The jelly is moderately wounded.
The jelly misses you.
You hit the adder but do no damage. The adder closely misses you.
The jelly hits you.
* * * LOW HITPOINT WARNING * * *
You are splashed with acid.
* * * LOW HITPOINT WARNING * * *
You feel much better. The adder barely misses you.
The jelly closely misses you. The adder closely misses you.
You hit the jelly but do no damage.
Your hands burn!
The jelly is moderately wounded.
You hit the jelly but do no damage.
Your hands burn!
The jelly is moderately wounded.
You block the adder's attack. The jelly closely misses you.
You hit the jelly but do no damage.
Your hands burn!
The jelly is moderately wounded.
The adder bites you.
You hit the adder but do no damage. The jelly hits you.
You are splashed with acid!
* * * LOW HITPOINT WARNING * * *
You barely miss the adder. The adder barely misses you.
The jelly completely misses you.
You feel better. The adder bites you.
* * * LOW HITPOINT WARNING * * *
You are poisoned.
The adder poisons you! The jelly hits you.
* * * LOW HITPOINT WARNING * * *
The acid corrodes you!
You are splashed with acid!
You die...

~..# #~~#
####~~##
##~~~.~~##
##∩~~.~~.~#
##########
#~~~###.~~#
#....~.~~.
#..##.##~J###
#~~...~~~.
#..#...#@S~~.#
#..####### ~
#.~~~~##..~.~.
#~~#
~~##...##.~.##~~
#~.#
~..†..~#~.~## ..
#~.#######
#..~~~~~†~##
#~......~.
###.~~.~~.##
#.~...~~..
###...~..##
##########
#.~.~.~~.##
~.~###~.~~#


You could see a jelly and an adder.

Vanquished Creatures
  A water moccasin (D:4)
  3 hounds
  An orc priest (D:4)
  A sleepcap (D:5)
  An orc wizard (D:3)
  12 adders
  A river rat (D:5)
  2 worms
  A dart slug (D:1)
  8 orcs
  9 ball pythons
  10 endoplasms
  6 giant cockroaches
  7 goblins
  A hobgoblin (D:1)
  7 quokkas
  7 bats
  3 frilled lizards
  5 kobolds
  10 rats
96 creatures vanquished.

Notes
Turn   | Place    | Note
-------+----------+-------------------------------------------
     0 | D:1      | CowFu the Kobold Brigand began the quest for the Orb.
     0 | D:1      | Reached XP level 1. HP: 12/12 MP: 1/1
    64 | D:1      | Reached XP level 2. HP: 16/17 MP: 2/2
   305 | D:1      | Reached XP level 3. HP: 21/21 MP: 3/3
   832 | D:2      | Reached skill level 5 in Short Blades
   877 | D:2      | Found a glowing golden altar of the Shining One.
   889 | D:2      | Reached XP level 4. HP: 26/26 MP: 4/4
  1557 | D:3      | Reached XP level 5. HP: 30/30 MP: 5/5
  1749 | D:3      | You fall into a shaft and drop 1 floor!
  1941 | D:4      | Noticed a water moccasin
  1945 | D:4      | Killed a water moccasin
  1946 | D:4      | Reached XP level 6. HP: 35/35 MP: 6/6
  2491 | D:4      | Reached XP level 7. HP: 40/40 MP: 7/7
  3085 | D:5      | Entered Level 5 of the Dungeon
  3208 | D:5      | Found a runed translucent door.
  3259 | D:5      | Found a glowing drain.
  3310 | Sewer    | Entered a sewer
  3468 | Sewer    | Splashed by a jelly's acid

Illustrated notes

Levels and vault maps discovered:
D:1:      psy_arrival_spokes, layout_loops_ring, minmay_heptomino_o4
D:2:      layout_loops_ring, basic_altar
D:3:      layout_rooms, corner_web_ring
D:4:      layout_basic
D:5:      layout_cave_pools, chequers_temple_overflow_minitemple,
          ebering_ghost_reflecting_pool, portal_sewer_entry_b, goddamned_bats
Sewer:    sewer_hellmonk_slimy_pipes

Skill      XL: |  1  2  3  4  5  6  7 |
---------------+----------------------+-----
Short Blades   | 3 4 5 6 7 8 |  8.3
Stealth        | 6 7 8 |  8.0
Fighting       | |  2.1
Throwing       | |  2.1
Dodging        | |  1.2

Action                     |  1- 3 |  4- 6 |  7- 9 || total
---------------------------+-------+-------+-------++-------
  Melee: Dagger            |    61 |   109 |   145 ||   315
         Punch             |     1 |       |     2 ||     3
    Use: Scroll            |       |       |     7 ||     7
         Potion            |       |       |     2 ||     2
   Stab: Sleeping          |    16 |    21 |    11 ||    48
 Armour: Robe              |    16 |    33 |    41 ||    90
  Dodge: Dodged            |    30 |    46 |    78 ||   154
  Block: Other             |       |       |    21 ||    21

Table legend: (Time is in decaauts)
 A = Elapsed time spent in this place.
 B = Non-inter-level travel time spent in this place.
 C = Inter-level travel time spent in this place.
 D = Time resting spent in this place.
 E = Time spent auto-exploring this place.
 F = Levels seen in this place.
 G = Mean time per level.
                   A        B        C        D        E       F      G
               +--------+--------+--------+--------+--------+-----+--------+
         Total |   3375 |   3269 |    106 |      0 |   2571 |   6 |  562.5 |
       Dungeon |   3221 |   3115 |    106 |      0 |   2482 |   5 |  644.2 |
         Sewer |    153 |    153 |      0 |      0 |     89 |   1 |  153.0 |
               +--------+--------+--------+--------+--------+-----+--------+

Top non-repeatable levels by time:
     D:4: 1008 daAuts
     D:1: 817 daAuts
     D:2: 672 daAuts
     D:3: 527 daAuts
     D:5: 195 daAuts
   Sewer: 153 daAuts
